[Event "*** SCC Grand Prix: Titled Tuesday Blitz"]
[Site "Chess.com"]
[Date "2020.07.14"]
[Round "2"]
[White "kingnb"]
[Black "GadimbayliA"]
[Result "0-1"]
[WhiteElo "2538"]
[BlackElo "2882"]
[TimeControl "180+1"]
[EndTime "10:17:58 PDT"]
[Termination "GadimbayliA won by resignation"]

1. d4 d5 2. Nf3 Nc6 3. e3 Nf6 4. c4 Bg4 5. cxd5 Qxd5 6. Nc3 Qh5 7. Be2 e6 8. h3 Bd6 9. Qb3 O-O 10.
Bd2 a5 11. O-O-O Bxf3 12. gxf3 a4 13. Qb5 Qh4 14. Rdg1 a3 15. b3 Kh8 16. Qg5 Qxg5 17. Rxg5 h6 18. Rg2 Nd5 19. Rhg1 g6 20. Nb5 Kh7 21. Kb1 Bb4 22. Bxb4 Ncxb4 23. Rc1 c6 24. Nc3 Nxc3+ 25. Rxc3 Rfd8 26. f4 Ra5 27. h4 c5 28.
Rc4 Nd5 29. dxc5 Rc8 30. c6 Rxc6 31. Rxc6 bxc6 32. Bc4 Nc3+ 33. Ka1 Rh5 34. Rh2 g5 35. Bd3+ f5 36. Rh1 Rxh4 37. Rc1 Ne4 38. Rxc6 Rh1+ 39. Bb1 Nd2 0-1

[Event "*** SCC Grand Prix: Titled Tuesday Blitz"]
[Site "Chess.com"]
[Date "2020.07.14"]
[Round "2"]
[White "AlanZhang"]
[Black "Houdinovic"]
[Result "0-1"]
[WhiteElo "2218"]
[BlackElo "2601"]
[TimeControl "180+1"]
[EndTime "10:17:58 PDT"]
[Termination "Houdinovic won on time"]

1. e4 c6 2. d4 d5 3. Nc3 dxe4 4. Nxe4 Nf6 5. Nxf6+ exf6 6. g3 Bd6 7. Nf3 O-O 8.
Bg2 Re8+ 9. Be3 Qb6 10. Qc1 Qa6 11. c4 Bf5 12. Qc3 Nd7 13. O-O Rad8 14. b4 Nb6 15.
Nd2 Bf8 16. Qb3 Nc8 17. a4 Qb6 18. b5 Qc7 19. a5 cxb5 20. cxb5 Qd7 21. Rfc1 Nd6 22.
b6 axb6 23. axb6 Rc8 24. Bd5 h5 25. Nf3 Bg4 26. Nh4 Be6 27. Ng2 Bxd5 28. Qxd5 Qh3 29.
Nf4 Qf5 30. Qxf5 Nxf5 31. Nd5 Bd6 32. Bf4 Bxf4 33. gxf4 Rxc1+ 34. Rxc1 Nxd4 35. Rc7 Nf3+ 0-1

[Event "*** SCC Grand Prix: Titled Tuesday Blitz"]
[Site "Chess.com"]
[Date "2020.07.14"]
[Round "2"]
[White "MVM2008"]
[Black "LastHeroJr"]
[Result "0-1"]
[WhiteElo "2238"]
[BlackElo "2445"]
[TimeControl "180+1"]
[EndTime "10:17:58 PDT"]
[Termination "LastHeroJr won on time"]

1. e4 Nc6 2. Nc3 Nf6 3. d4 d6 4.
f4 g6 5. Nf3 Bg7 6. Bd3 O-O 7.
e5 Ng4 8. h3 Nh6 9. g4 dxe5 10.
dxe5 Be6 11. Qe2 Nb4 12. Be4 f5 13. exf6 exf6 14. Bxb7 Re8 15. O-O Rb8 16. Be4 f5 17. gxf5 Nxf5 18. Kh2 Nd6 19. Ng5 Bc4 20. Qf3 Bxf1 21.
Qxf1 h6 22. Bxg6 hxg5 23. Bxe8 Qxe8 24. fxg5 Nxc2 25. Rb1 Bxc3 26. Qd3 Qe5+ 27. Kh1 Qe4+ 28. Qxe4 Nxe4 29. b3 Rf8 30. Kg2 Rf2+ 31. Kg1 Bd4 0-1

[Event "*** SCC Grand Prix: Titled Tuesday Blitz"]
[Site "Chess.com"]
[Date "2020.07.14"]
[Round "2"]
[White "Mikhal867"]
[Black "AlexOstrovskiy"]
[Result "1-0"]
[WhiteElo "2389"]
[BlackElo "2621"]
[TimeControl "180+1"]
[EndTime "10:17:59 PDT"]
[Termination "Mikhal867 won by resignation"]

1. c4 b6 2. d4 Bb7 3. Nc3 e6 4. a3 f5 5. d5 Bd6 6. g3 Nf6 7. Bg2 O-O 8. Nh3 Be5 9. O-O Na6 10. Nf4 Nc5 11. Qc2 Bxc3 12. Qxc3 Nce4 13. Qd3 e5 14. Nh3 a5 15. Ng5 Nxg5 16. Bxg5 h6 17. Bd2 Ne8 18. d6 Bxg2 19. dxc7 Qxc7 20. Kxg2 a4 21.
Qd5+ Kh7 22. Qxa8 Qxc4 23. Qf3 e4 24. Qe3 Nf6 25. Bb4 Re8 26. Rac1 Qb5 27. Rfd1 Ng4 28.
Qf4 e3 29. h3 Nxf2 30. Re1 Re4 31. Qf3 Qe5 32. Bc3 Qe6 33. Rcd1 Nxd1 34. Rxd1 d5 35. Rd4 g5 36. Rxe4 dxe4 37. Qxe3 Qd5 38. Qd4 Qb7 39. Qh8+ Kg6 40. Qg8+ Kh5 41. Qe8+ 1-0

[Event "*** SCC Grand Prix: Titled Tuesday Blitz"]
[Site "Chess.com"]
[Date "2020.07.14"]
[Round "2"]
[White "omer1997"]
[Black "artichaud"]
[Result "1-0"]
[WhiteElo "2364"]
[BlackElo "2051"]
[TimeControl "180+1"]
[EndTime "10:17:59 PDT"]
[Termination "omer1997 won on time"]

1. e4 d6 2. d4 Nf6 3. Nc3 c6 4. Bd3 e5 5. Nge2 b5 6. a3 a6 7. O-O Be7 8. dxe5 dxe5 9. Kh1 O-O 10. f4 exf4 11. Nxf4 Nbd7 12. Qe1 Ne5 13. Qg3 Nfd7 14. Nh5 Ng6 15. Be3 Bh4 16. Qf3 Nde5 17. Qd1 Bg4 18.
Be2 Qxd1 19. Raxd1 Bxe2 20. Nxe2 Nc4 21. Bd4 Rfe8 22.
Bxg7 Rxe4 23. Nd4 Ne3 24. Nf5 Nxf5 25. Rxf5 Be7 26. g3 h6 27. Bxh6 Re2 28. Rd7 Rd8 29. Rxd8+ Bxd8 30. Rc5 Ne5 31. Bf4 Nf3 32. g4 Nh4 33.
Bg3 Rd2 34. Bxh4 Bxh4 35. Rxc6 a5 36. Nf4 Bg5 37. Nd3 1-0

[Event "*** SCC Grand Prix: Titled Tuesday Blitz"]
[Site "Chess.com"]
[Date "2020.07.14"]
[Round "2"]
[White "Aygehovit1992"]
[Black "albi1999"]
[Result "0-1"]
[WhiteElo "2652"]
[BlackElo "2469"]
[TimeControl "180+1"]
[EndTime "10:18:00 PDT"]
[Termination "albi1999 won by resignation"]

1. e4 e5 2. Nf3 Nc6 3. Bb5 a6 4.
Ba4 d6 5. d4 b5 6. Bb3 Nxd4 7.
Nxd4 exd4 8. c3 dxc3 9. Nxc3 Nf6 10. e5 dxe5 11. Bxf7+ Ke7 12. Qxd8+ Kxd8 13. Bg5 Bd6 14.
O-O-O Rf8 15. Bd5 Rb8 16. Ne4 Ke7 17. f4 h6 18. Bh4 exf4 19. Rhe1 Kd8 20. Bxf6+ gxf6 21.
Bc6 Rb6 22. Ba8 Bf5 23. Nc5 Kc8 24. Ne6 Re8 25. Nd4 Rxe1 26. Rxe1 Bd7 27. Bf3 Be5 28. Nc2 Bc6 29. Nb4 Bxf3 30. gxf3 a5 31. Nd5 Rc6+ 32.
Kb1 Rd6 33. Ne7+ Kb7 34. Nf5 Rd2 35. h3 Rxb2+ 36. Kc1 Rxa2 37. Nxh6 Ra1+ 38. Kd2 Bc3+ 39.
Kxc3 Rxe1 0-1

[Event "*** SCC Grand Prix: Titled Tuesday Blitz"]
[Site "Chess.com"]
[Date "2020.07.14"]
[Round "2"]
[White "Kolle05"]
[Black "Rodalquilar"]
[Result "0-1"]
[WhiteElo "2361"]
[BlackElo "2636"]
[TimeControl "180+1"]
[EndTime "10:18:00 PDT"]
[Termination "Rodalquilar won by resignation"]

1. e4 d5 2. exd5 Qxd5 3. Nc3 Qa5 4. d4 Nf6 5. Nf3 Bf5 6. Bc4 e6 7. O-O Bb4 8. Bd2 Nc6 9. a3 Bxc3 10. Bxc3 Qb6 11. a4 a5 12. Qe2 O-O 13. b3 Rad8 14.
h3 Rfe8 15. Rfe1 Be4 16. Ne5 Nxd4 17. Bxd4 Qxd4 18. Nf3 Qc3 19. Rad1 Qxc2 20. Qxc2 Bxc2 21. Rc1 Be4 22. Ne5 c6 23. f3 Bd5 24. Bxd5 Rxd5 25.
Nc4 Red8 26. Kf2 g5 27. Ke2 Kg7 28. Red1 Nh5 29. Rxd5 Rxd5 30. Ke3 Nf4 31. g3 Ng6 32. Ke2 Ne5 33. Nb6 Rd3 34. f4 Rxb3 35. Nc8 gxf4 36. gxf4 Ng6 37. f5 exf5 38. Nd6 f4 39. Rg1 Kf6 40. Ne4+ Kf5 41. Nc5 Rb2+ 42. Kd3 Ne5+ 43. Kd4 0-1

[Event "*** SCC Grand Prix: Titled Tuesday Blitz"]
[Site "Chess.com"]
[Date "2020.07.14"]
[Round "2"]
[White "tdf98pantani"]
[Black "Tekushka"]
[Result "1-0"]
[WhiteElo "2687"]
[BlackElo "2370"]
[TimeControl "180+1"]
[EndTime "10:18:00 PDT"]
[Termination "tdf98pantani won on time"]

1. d4 d5 2. c4 c6 3. e3 Bf5 4. Nc3 e6 5. Nf3 Nd7 6. Bd3 Bxd3 7. Qxd3 Ngf6 8. O-O Bb4 9. Ne2 O-O 10. Ng3 Re8 11.
Rd1 Bd6 12. b3 Qe7 13. Bb2 a5 14. a3 Bxg3 15. hxg3 Ne4 16. Nd2 Ndf6 17. Nxe4 Nxe4 18. Bc3 h5 19. Be1 Qg5 20. Qe2 f5 21. Qf3 Re7 22.
a4 Kf7 23. Qf4 Qf6 24. f3 g5 25. Qe5 Qxe5 26. dxe5 Nc5 27. Rab1 g4 28. Rdc1 Nd3 29. Rc2 Nxe5 30. Bc3 Nd7 31. Kf2 Ree8 32. Rh1 Kg6 33. Rh2 Nc5 34. Bb2 Nxb3 35. Ba3 dxc4 36. Rxc4 Rad8 37.
Rc3 Rd2+ 38. Ke1 Red8 39. fxg4 hxg4 40. e4 Rd1+ 41. Ke2 R8d2+ 42. Ke3 Nc1 43. Bxc1 Rd4 44.
exf5+ exf5 45. Ke2 Rg1 46. Be3 Re4 47. Kf2 Ra1 48. Rh6+ Kg7 49. Rd6 Ra2+ 50. Rd2 Rxd2+ 51. Bxd2 Rxa4 52. Rd3 Ra2 53. Ke3 a4 54. Bc3+ 1-0

[Event "*** SCC Grand Prix: Titled Tuesday Blitz"]
[Site "Chess.com"]
[Date "2020.07.14"]
[Round "2"]
[White "baki83"]
[Black "snap_man"]
[Result "1-0"]
[WhiteElo "2745"]
[BlackElo "2316"]
[TimeControl "180+1"]
[EndTime "10:18:00 PDT"]
[Termination "baki83 won by resignation"]

1. d4 d5 2. c4 c6 3. Nf3 Nf6 4. e3 e6 5. Bd3 Be7 6. O-O Nbd7 7. b3 Ne4 8. a4 f5 9. Ba3 O-O 10. Bxe7 Qxe7 11. a5 Rb8 12. Qc1 Qd6 13. Qa3 Qc7 14. b4 f4 15. Nc3 Nd6 16. Qb3 Nf6 17. Rac1 Qe7 18. exf4 Nfe4 19. c5 Nxc3 20. cxd6 Qxd6 21. Qxc3 Rxf4 22. Bb1 Bd7 23. Ne5 Qe7 24. g3 Rf6 25. h4 Rbf8 26. f4 Be8 27. Kg2 Bh5 28.
Qc5 Qd8 29. Rce1 Rh6 30. Re3 Be8 31. Nf3 Bh5 32. Ng5 Bg4 33. Rfe1 Rff6 34. Qc2 Bf5 35.
Qe2 Bxb1 36. Rxb1 1-0

[Event "*** SCC Grand Prix: Titled Tuesday Blitz"]
[Site "Chess.com"]
[Date "2020.07.14"]
[Round "2"]
[White "IAgrest"]
[Black "Nafania1"]
[Result "0-1"]
[WhiteElo "2216"]
[BlackElo "2437"]
[TimeControl "180+1"]
[EndTime "10:18:00 PDT"]
[Termination "Nafania1 won by resignation"]

1. e4 e6 2. d4 d5 3. Nc3 h6 4.
Nf3 Nf6 5. Bd3 Bb4 6. exd5 exd5 7. O-O O-O 8. Ne5 c5 9. a3 cxd4 10. axb4 dxc3 11. bxc3 Qc7 12. f4 Qxc3 13. Bd2 Qd4+ 14. Kh1 Nc6 15. c3 Qb6 16. Qf3 Be6 17. Rae1 Rae8 18. Be3 Qc7 19. Bc5 Nxe5 20. fxe5 Nd7 21. Bxf8 Rxf8 22. Qg3 Kh8 23. Bf5 Qc6 24. Re3 Re8 25. h3 a6 26. Bb1 Kg8 27. Rfe1 b6 28. Qf4 a5 29. Rg3 Qc4 30. Qxh6 Kf8 31. Qxg7+ Ke7 32.
Qg5+ Kf8 33. Qg7+ Ke7 34. Qg5+ Kf8 35. Bh7 axb4 36. cxb4 Qxb4 37. Rf3 Qxe1+ 38. Kh2 Qxe5+ 0-1

[Event "*** SCC Grand Prix: Titled Tuesday Blitz"]
[Site "Chess.com"]
[Date "2020.07.14"]
[Round "2"]
[White "dcremisi"]
[Black "Harsha_Bharathakoti"]
[Result "1/2-1/2"]
[WhiteElo "2434"]
[BlackElo "2774"]
[TimeControl "180+1"]
[EndTime "10:18:01 PDT"]
[Termination "Game drawn by repetition"]

1. d4 d5 2. c4 e6 3. Nc3 c6 4. e4 dxe4 5. Nxe4 Bb4+ 6. Nc3 e5 7.
a3 Bxc3+ 8. bxc3 Qa5 9. Bd2 Nf6 10. Nf3 e4 11. Ne5 Nbd7 12. Nxd7 Bxd7 13. Be2 O-O 14. O-O Rfe8 15. Qb3 b6 16. Qb4 Qf5 17. a4 c5 18.
Qb2 Qg6 19. Kh1 Bg4 20. Be3 Qh5 21. Bxg4 Nxg4 22. h3 Rac8 23. Qe2 Nf6 24. Qxh5 Nxh5 25. dxc5 bxc5 26. Rab1 Re7 27. Bxc5 Rec7 28. Bd4 Rxc4 29. Bxa7 Rxa4 30. Bd4 Nf4 31. Rbe1 f5 32. f3 Nd3 33. Re3 Re8 34. fxe4 fxe4 35. Kh2 Ra6 36. Rg3 Rg6 37.
Rxg6 hxg6 38. Be3 Rc8 39. Bd4 Re8 40. Be3 Ne5 41. Re1 Nc4 42. Kg3 Kf7 43. Kf4 Nb2 44.
Rb1 Nd3+ 45. Kg5 Re5+ 46. Kg4 Re7 47. c4 Ne5+ 48. Kf4 Nxc4 49. Re1 Nb2 50. Re2 Nd3+ 51. Kg3 Ke6 52. Bg5 Rd7 53. Rxe4+ Kf5 54. Re7 Ne5 55. Rxd7 Nxd7 56. Bc1 Nf6 57. Kf2 g5 58. g4+ Nxg4+ 59. hxg4+ Kxg4 60. Kg2 g6 61. Ba3 Kf5 62. Bb2 g4 63. Ba3 Ke6 64. Bb2 Kd7 65. Ba3 Kc6 66.
Bb2 Kd7 67. Ba3 Kc6 68. Bb2 Kd7 1/2-1/2

[Event "*** SCC Grand Prix: Titled Tuesday Blitz"]
[Site "Chess.com"]
[Date "2020.07.14"]
[Round "2"]
[White "chezzgirl04"]
[Black "RoelandPruijssers"]
[Result "0-1"]
[WhiteElo "2007"]
[BlackElo "2591"]
[TimeControl "180+1"]
[EndTime "10:18:02 PDT"]
[Termination "RoelandPruijssers won by checkmate"]

1. e4 d5 2. exd5 Qxd5 3. Nf3 Bg4 4. Be2 Nc6 5. d4 e5 6. c4 Qa5+ 7. Bd2 Bb4 8. d5 Bxf3 9. Bxf3 Nd4 10. Nc3 Qa6 11.
b3 Qa5 12. Qc1 Nxf3+ 13. gxf3 Qb6 14. Na4 Bxd2+ 15. Qxd2 Qg6 16. O-O-O O-O-O 17. Qe3 Kb8 18. Qxe5 Nf6 19. d6 cxd6 20. Rxd6 Ka8 21. Rhd1 Rxd6 22.
Qxd6 Qg5+ 23. f4 Qf5 24. Nc5 Rc8 25. Nd3 Qa5 26. Kb2 Rd8 27. Qe5 Qb6 28. c5 Qb5 29. Qc7 Re8 30. Ne5 Qe2+ 31. Kc1 a6 32. c6 Qb5 33.
Rd8+ Rxd8 34. Qxd8+ Ka7 35. c7 Qf1+ 36. Kb2 Qxf2+ 37. Ka3 Qc5+ 38. Kb2 Qf2+ 39. Ka3 Qc5+ 40. b4 Qc3+ 41. Ka4 b5+ 42. Ka5 Qa3# 0-1

[Event "*** SCC Grand Prix: Titled Tuesday Blitz"]
[Site "Chess.com"]
[Date "2020.07.14"]
[Round "2"]
[White "MasterKroket"]
[Black "PauloCesarCosta_sad"]
[Result "0-1"]
[WhiteElo "2405"]
[BlackElo "2207"]
[TimeControl "180+1"]
[EndTime "10:18:02 PDT"]
[Termination "PauloCesarCosta_sad won on time"]

1. d4 d5 2. c4 c6 3. Nf3 e6 4. Nc3 dxc4 5. e3 b5 6. a4 Bb4 7. Bd2 a5 8. axb5 Bxc3 9. Bxc3 cxb5 10. b3 Bb7 11. bxc4 b4 12. Bb2 Nf6 13. Bd3 Nbd7 14. O-O O-O 15. Re1 Ne4 16. Nd2 Nxd2 17. Qxd2 Qc7 18. e4 e5 19. c5 exd4 20. Bxd4 Rfd8 21. Qe3 Ne5 22. Be2 Nc6 23. Bb2 a4 24. Bc4 a3 25.
Bxg7 Kxg7 26. Qg5+ Kf8 27. Qh6+ Ke8 28. e5 Rd4 29. e6 f6 30. Bb5 Qe7 31. Qh5+ Kf8 32.
Re3 Nd8 33. Rg3 Nxe6 34. Qh6+ Ng7 35. Qxh7 Qf7 36. Re1 a2 37. Qh8+ Qg8 38. Qh6 a1=Q 39. Qxf6+ Qf7 0-1

[Event "*** SCC Grand Prix: Titled Tuesday Blitz"]
[Site "Chess.com"]
[Date "2020.07.14"]
[Round "2"]
[White "kirillshevchenko"]
[Black "YPradafah"]
[Result "1-0"]
[WhiteElo "2936"]
[BlackElo "2557"]
[TimeControl "180+1"]
[EndTime "10:18:03 PDT"]
[Termination "kirillshevchenko won by resignation"]

1. e4 c5 2. Nf3 Nc6 3. Nc3 Nf6 4. Bb5 e6 5. Bxc6 bxc6 6. e5 Nd5 7. Ne4 d6 8. Nxd6+ Bxd6 9. exd6 Qxd6 10. O-O c4 11. d3 cxd3 12. Qxd3 Qc7 13. c4 Nf6 14. Bg5 O-O 15. Bxf6 gxf6 16. Rad1 c5 17. Nd2 Bb7 18. Qg3+ Qxg3 19. hxg3 Ba6 20. b3 Bb7 21. Nb1 Rfd8 22. Nc3 Kf8 23. Na4 Rdc8 24. Rd6 Rc7 25. Rfd1 Rac8 26. f3 Ke7 27. Kf2 Rh8 28. R6d2 Ba6 29.
Rh1 Bc8 30. g4 Bd7 31. Nc3 Bc6 32. Rh5 Bd7 33. Ne4 e5 34. Rh6 f5 35. Nf6 Be6 36. gxf5 Bxf5 37. Nd5+ Kd7 38. Ne3+ 1-0

[Event "*** SCC Grand Prix: Titled Tuesday Blitz"]
[Site "Chess.com"]
[Date "2020.07.14"]
[Round "2"]
[White "FabianoCaruana"]
[Black "GM_LOADING"]
[Result "1-0"]
[WhiteElo "3012"]
[BlackElo "2572"]
[TimeControl "180+1"]
[EndTime "10:18:04 PDT"]
[Termination "FabianoCaruana won by resignation"]

1. d4 Nf6 2. Nf3 e6 3. c4 Bb4+ 4. Bd2 a5 5. g3 d6 6. Bg2 Nbd7 7. O-O e5 8. Bc1 exd4 9. Nxd4 O-O 10. b3 Re8 11. Bb2 Nb6 12. a3 Bc5 13. Nd2 c6 14. e3 Bg4 15. Qc2 Qc8 16. Bc3 Bh3 17. b4 Bxg2 18.
Kxg2 Bxd4 19. Bxd4 Nbd7 20. c5 d5 21. Qb2 Qd8 22.
Nf3 g6 23. bxa5 Rxa5 24. Qxb7 Qc8 25. Qb4 Qa6 26. Nd2 Ra4 27. Qc3 Ne4 28. Nxe4 Rxe4 29.
Rfb1 f6 30. Rb4 Ne5 31. Rxa4 Qxa4 32. Rb1 Qa6 33. Qc2 Qc8 34. f3 Nxf3 35. Kxf3 Qh3 36. Ra1 h5 37. Qf2 h4 38. Ke2 Qe6 39. Kd2 f5 40. a4 f4 41. gxf4 Qc8 42. a5 1-0

[Event "*** SCC Grand Prix: Titled Tuesday Blitz"]
[Site "Chess.com"]
[Date "2020.07.14"]
[Round "2"]
[White "CarlosAlbornoz"]
[Black "juniortay"]
[Result "1-0"]
[WhiteElo "2808"]
[BlackElo "2408"]
[TimeControl "180+1"]
[EndTime "10:18:04 PDT"]
[Termination "CarlosAlbornoz won by resignation"]

1. e4 e5 2. Nf3 Nf6 3. Nc3 Nc6 4. Bc4 Nxe4 5. O-O Nxc3 6. dxc3 f6 7. Nh4 g6 8. f4 Qe7 9. Kh1 d6 10. fxe5 dxe5 11. Be3 Be6 12. Qe2 O-O-O 13. b4 f5 14. Nf3 f4 15. Bxe6+ Qxe6 16. Bxf4 Bd6 17. Bg3 Rhe8 18.
Ng5 Qd5 19. Rad1 Qxa2 20. Ra1 Qd5 21. Rfd1 Nd4 22. cxd4 exd4 23. Qg4+ Kb8 24. Rxd4 Qc6 25. Rad1 Qxc2 26. h3 Re2 27. Bxd6 cxd6 28. Ne6 Re8 29. Nf4 Rf2 30. Rxd6 Qc7 31. Ne6 Rf1+ 32. Rxf1 Qxd6 33.
Nc5 a6 34. Qf4 Qxf4 35. Rxf4 Re7 36. Re4 Rf7 37. Re6 Kc7 38. Kh2 g5 39. Re5 h6 40.
Re6 Rf4 41. Re7+ Kc6 42. Rxb7 a5 43. Rb8 axb4 44. Na6 Rf2 45. Nxb4+ Kc7 46. Rh8 Rf6 47. Nd5+ 1-0

[Event "*** SCC Grand Prix: Titled Tuesday Blitz"]
[Site "Chess.com"]
[Date "2020.07.14"]
[Round "2"]
[White "vovachesss"]
[Black "GHANDEEVAM2003"]
[Result "1-0"]
[WhiteElo "2592"]
[BlackElo "3013"]
[TimeControl "180+1"]
[EndTime "10:18:05 PDT"]
[Termination "vovachesss won by resignation"]

1. e4 e6 2. Qe2 d5 3. exd5 Qxd5 4. Nc3 Qd8 5. g3 Nf6 6. Bg2 c5 7. Nf3 Nc6 8. O-O Be7 9. Rd1 O-O 10. d4 cxd4 11. Nb5 Bd7 12. Nbxd4 Qc8 13. c3 a6 14.
Bf4 h6 15. Ne5 Nxe5 16. Bxe5 Rd8 17. Rd2 Ra7 18. Rad1 b5 19. Bf4 Be8 20. a3 Nd5 21. Be5 f6 22. Nxe6 Qxe6 23. Rxd5 Rad7 24. Rxd7 Rxd7 25.
Rxd7 Bxd7 26. Qd2 Bc6 27. Bxc6 Qxc6 28. Bf4 Kf7 29. Qe2 Qd5 30. h4 h5 31. Qe3 Bc5 32. Qe2 a5 33. Be3 Be7 34. Bd4 b4 35. axb4 axb4 36. Qd3 b3 37. c4 Qd7 38. Qc3 Qg4 39. c5 Qd1+ 40. Kg2 Qc2 41. Qf3 g6 42. Qd5+ Ke8 43. c6 f5 44. Qg8+ Bf8 45. Qe6+ Be7 46. Bf6 Qe4+ 47. Qxe4 fxe4 48. c7 1-0

[Event "*** SCC Grand Prix: Titled Tuesday Blitz"]
[Site "Chess.com"]
[Date "2020.07.14"]
[Round "2"]
[White "Bazarov04"]
[Black "politeplayer"]
[Result "1-0"]
[WhiteElo "2599"]
[BlackElo "2202"]
[TimeControl "180+1"]
[EndTime "10:18:05 PDT"]
[Termination "Bazarov04 won on time"]

1. d4 Nf6 2. Nf3 e6 3. Bg5 c5 4. e3 b6 5. Nbd2 Bb7 6. a4 cxd4 7. exd4 d6 8. Bd3 Nbd7 9. O-O Be7 10. Re1 h6 11. Bh4 g5 12. Bg3 Nh5 13. a5 Nxg3 14.
hxg3 bxa5 15. c3 Qc7 16. Nc4 g4 17. Nfd2 h5 18. Nxa5 Nf6 19. Nxb7 Qxb7 20. Ne4 Nxe4 21. Bxe4 d5 22. Bd3 Qxb2 23. c4 h4 24. Rb1 Qxd4 25. cxd5 Kf8 26. Re4 Qxd5 27. Rxg4 Rd8 28. Rb3 hxg3 29.
Rxg3 Bf6 30. Qg4 Qxb3 31. Bf1 Qb1 32. Qc4 Rd1 33. Qc8+ Bd8 34. Qc4 1-0

[Event "*** SCC Grand Prix: Titled Tuesday Blitz"]
[Site "Chess.com"]
[Date "2020.07.14"]
[Round "2"]
[White "Yurovskykh_Oleksandr"]
[Black "talaicito"]
[Result "1/2-1/2"]
[WhiteElo "2504"]
[BlackElo "2180"]
[TimeControl "180+1"]
[EndTime "10:18:05 PDT"]
[Termination "Game drawn by repetition"]

1. d4 e6 2. Nf3 f5 3. Bf4 Nf6 4. e3 g6 5. Be2 Bg7 6. O-O O-O 7. c4 d6 8. h3 Nc6 9. Nc3 Qe7 10. Qc2 h6 11. Bh2 a5 12. Rac1 Bd7 13.
Rfd1 Rac8 14. a3 Rfe8 15. d5 Nd8 16. dxe6 Nxe6 17. Nd5 Qf7 18. Nxf6+ Bxf6 19. b4 axb4 20. axb4 Bc6 21. Nd4 Nxd4 22. exd4 Be4 23. Bd3 Bxd4 24. Bf4 g5 25. Bd2 Bxd3 26. Qxd3 c5 27. bxc5 dxc5 28. Bc3 Rcd8 29. Bxd4 Rxd4 30. Qb3 Red8 31. Rxd4 Rxd4 32.
Rb1 Qc7 33. g3 f4 34. Qxb7 Qxb7 35. Rxb7 fxg3 36. fxg3 Rxc4 37. Rc7 Rc2 38. g4 c4 39. Kh1 c3 40. Kg1 Kf8 41. Kh1 Kg8 42. Kg1 Kf8 43.
Kh1 Kg8 1/2-1/2

[Event "*** SCC Grand Prix: Titled Tuesday Blitz"]
[Site "Chess.com"]
[Date "2020.07.14"]
[Round "2"]
[White "andy_rekt"]
[Black "Chessmasterzt"]
[Result "0-1"]
[WhiteElo "2293"]
[BlackElo "2592"]
[TimeControl "180+1"]
[EndTime "10:18:05 PDT"]
[Termination "Chessmasterzt won by resignation"]

1. d4 Nf6 2. c4 e6 3. Nc3 Bb4 4. e3 O-O 5. Ne2 Re8 6. a3 Bf8 7. e4 d5 8. e5 Nfd7 9. h4 c5 10. Bg5 f6 11. exf6 gxf6 12. Be3 e5 13. Nxd5 cxd4 14.
Bd2 Nc5 15. Ng3 Be6 16. b4 Bxd5 17. cxd5 Ncd7 18. Bd3 Kh8 19. Bxh7 Kxh7 20. Qh5+ Kg8 21. Nf5 Re7 22. Rh3 Rh7 23. Qg6+ Kh8 24. Rg3 Bg7 25. Nxg7 Qg8 26. Nf5 Qxg6 27. Rxg6 Na6 28. h5 Rg8 29.
Rxg8+ Kxg8 30. h6 Kf8 31. Rc1 Ke8 32. Rc8+ Kf7 33. g4 Kg6 34. Re8 Nc7 35. d6 Nxe8 36. Ne7+ Kf7 37. Nd5 Nxd6 0-1

[Event "*** SCC Grand Prix: Titled Tuesday Blitz"]
[Site "Chess.com"]
[Date "2020.07.14"]
[Round "2"]
[White "Paladin61"]
[Black "ChelsieMonica"]
[Result "1-0"]
[WhiteElo "2657"]
[BlackElo "2416"]
[TimeControl "180+1"]
[EndTime "10:18:06 PDT"]
[Termination "Paladin61 won by resignation"]

1. b3 d5 2. Bb2 Nf6 3. Nf3 e6 4. g3 Be7 5. Bg2 O-O 6. O-O c5 7. e3 Nc6 8. d4 b6 9. dxc5 bxc5 10. c4 Ba6 11. Nbd2 Rb8 12. Rc1 Nb4 13. Ne5 Nd7 14. Nxd7 Qxd7 15. Qg4 d4 16. Rcd1 f5 17. Qh5 Bf6 18.
Nf3 Nc6 19. Ba3 g6 20. Qh6 Bg7 21. Qh3 Nb4 22. exd4 cxd4 23. Rfe1 Rfe8 24. Bxb4 Rxb4 25. Ng5 h6 26. Nxe6 Rxe6 27. Rxe6 Bb7 28. Rxg6 Kh7 29. Bxb7 Rxb7 30. Qh5 Qf7 31. Rxg7+ Qxg7 32. Qxf5+ Kh8 33. Re1 Rf7 34. Re8+ Rf8 35. Rxf8+ 1-0

[Event "*** SCC Grand Prix: Titled Tuesday Blitz"]
[Site "Chess.com"]
[Date "2020.07.14"]
[Round "2"]
[White "Anton_Demchenko"]
[Black "Sueetin"]
[Result "1-0"]
[WhiteElo "2827"]
[BlackElo "2332"]
[TimeControl "180+1"]
[EndTime "10:18:06 PDT"]
[Termination "Anton_Demchenko won on time"]

1. e4 e5 2. Nf3 Nc6 3. Nc3 Nf6 4.
Bb5 Bd6 5. d3 h6 6. a3 Ne7 7.
Bc4 Ng6 8. h4 h5 9. Ng5 Rf8 10.
Nd5 c6 11. Ne3 Ne7 12. d4 Bc7 13. d5 d6 14. O-O c5 15. g3 Bg4 16. f3 Bd7 17. a4 a6 18. Qe2 Rb8 19. c3 b5 20. axb5 axb5 21. Bd3 c4 22. Bc2 Bb6 23.
Kg2 Ng6 24. b3 cxb3 25. Bd3 Bc5 26. Rb1 Qa5 27. Rxb3 Ke7 28. Bd2 Qc7 29. Rfb1 Rb7 30. Nf5+ Bxf5 31. exf5 Nh8 32. Be4 Rfb8 33. Rxb5 Rxb5 34.
Rxb5 Rxb5 35. Qxb5 Nd7 36. g4 Ba7 37. Be1 Nf8 38. c4 1-0

[Event "*** SCC Grand Prix: Titled Tuesday Blitz"]
[Site "Chess.com"]
[Date "2020.07.14"]
[Round "2"]
[White "rynos0411"]
[Black "AungTZ"]
[Result "1-0"]
[WhiteElo "2407"]
[BlackElo "2130"]
[TimeControl "180+1"]
[EndTime "10:18:06 PDT"]
[Termination "rynos0411 won by resignation"]

1. d4 Nf6 2. c4 e6 3. Nf3 b6 4.
g3 Ba6 5. b3 Bb4+ 6. Bd2 Be7 7.
Bg2 c6 8. O-O d5 9. Ne5 Nfd7 10.
Nxd7 Nxd7 11. Qc2 O-O 12. Rd1 Rc8 13. e4 Nf6 14. e5 Nd7 15. Be3 Qc7 16. Nd2 Rfd8 17. Rac1 Qb8 18. f4 c5 19. Qb2 cxd4 20. Bxd4 Nc5 21. cxd5 exd5 22. Nf1 Ne6 23. Rxc8 Rxc8 24.
Bf2 d4 25. b4 Bb7 26. Bxd4 Bxg2 27. Kxg2 Qb7+ 28. Kf2 Rc4 29. Bc3 a5 30. a3 axb4 31. Bxb4 Nc5 32. Ne3 Re4 33. Bxc5 Bxc5 34. Rd8+ Bf8 35. Qd2 g6 36. Qd6 1-0

[Event "*** SCC Grand Prix: Titled Tuesday Blitz"]
[Site "Chess.com"]
[Date "2020.07.14"]
[Round "2"]
[White "XiaoKangZhong"]
[Black "winniethepooh04"]
[Result "1-0"]
[WhiteElo "2424"]
[BlackElo "2184"]
[TimeControl "180+1"]
[EndTime "10:18:07 PDT"]
[Termination "XiaoKangZhong won on time"]

1. e4 c5 2. c3 d6 3. d4 Nf6 4.
Bd3 g6 5. Nf3 Bg7 6. O-O O-O 7.
Re1 Bg4 8. h3 Bxf3 9. Qxf3 cxd4 10. cxd4 Nc6 11. Be3 a6 12. Nc3 Rc8 13. Rac1 Re8 14.
a3 e5 15. d5 Nd4 16. Qd1 Nd7 17. b4 Nb6 18. Nb1 Rxc1 19. Qxc1 Qc8 20. Bxd4 exd4 21.
Nd2 Na4 22. Nc4 Qd7 23. Qf4 Rd8 24. Rc1 b5 25. Na5 Nc3 26. Nc6 Re8 27. f3 h5 28. Kh1 Kh7 29. Bf1 Bh6 30. Qf6 Bxc1 31. Qxd4 Bb2 32. Na5 Na4 33. Qb6 Rc8 34. Nc6 Nc3 35.
Qxa6 Nd1 36. Bxb5 Rxc6 37. Bxc6 Qe7 38. Qe2 Nc3 39. Qxb2 Nd1 40. Qd2 1-0

[Event "*** SCC Grand Prix: Titled Tuesday Blitz"]
[Site "Chess.com"]
[Date "2020.07.14"]
[Round "2"]
[White "Larina_Marija"]
[Black "Alohamora11"]
[Result "0-1"]
[WhiteElo "2112"]
[BlackElo "2400"]
[TimeControl "180+1"]
[EndTime "10:18:07 PDT"]
[Termination "Alohamora11 won on time"]

1. e4 c5 2. Nc3 Nc6 3. g3 g6 4.
Bg2 Bg7 5. d3 e6 6. Be3 d6 7.
Qd2 Nd4 8. Nd1 Rb8 9. c3 Nc6 10.
d4 cxd4 11. cxd4 Nge7 12. Ne2 d5 13. e5 Nf5 14. Bg5 f6 15. exf6 Bxf6 16. Bxf6 Qxf6 17. O-O Nfxd4 18. Nxd4 Nxd4 19. f4 O-O 20. Rc1 Bd7 21. Rc7 Bc6 22. Ne3 Nb5 23. Ng4 Qf7 24. Rxf7 Kxf7 25.
Ne5+ Kg7 26. a4 Nd6 27. Qd4 Nf5 28. Qc5 Rbc8 29. g4 b6 30. Qa3 Nd4 31. Qe7+ Kg8 32. Rd1 Rce8 33. Qg5 Ne2+ 34. Kf2 Nxf4 35. Kg1 Bxa4 36.
Rf1 Ne2+ 37. Kh1 Bc2 38. Bf3 Nd4 39. Bd1 Rxf1+ 40. Kg2 Rxd1 41. Nd7 Be4+ 42. Kh3 Rd3+ 43. Kh4 Nf3+ 44. Kg3 Nxg5+ 0-1